[ AOE2 MATCH · #508365329 ]
UnrankedBurgundians vs Burgundians
[ REPLAY ANALYSIS · EXTRACTED FROM THE RECORDED GAME ]
Feudal
10:21
Castle
24:45
Imperial
41:15
| APM avg | 60.9 |
| APM peak | 124 |
| eAPM avg | 36.6 |
| Villagers / military | 219 / 470 |
Focus
⚔️ 45.5% · 🌾 54.5%
Spearman ×168 · Flemish Militia ×100 · Scout Cavalry ×67 · Archer ×49 · Hand Cannoneer ×47 · Trebuchet (Packed) ×22
Feudal
9:41
Castle
20:09
Imperial
40:10
| APM avg | 41.1 |
| APM peak | 87 |
| eAPM avg | 24.9 |
| Villagers / military | 314 / 267 |
Focus
⚔️ 35.1% · 🌾 64.9%
Scout Cavalry ×117 · Skirmisher ×59 · Knight ×38 · Hand Cannoneer ×30 · Trebuchet (Packed) ×5 · Bombard Cannon ×4
Match map
Initial resources + every placement click. Lines = walls · curves = elevation contours. ◆ gold · ⬟ stone · ● berries · ✦ relic · ◌ wall gap
Your base· Open — 5t gap
As_Nicodemus_Arg's base· Open — 3t gap
Smoothed initial terrain · ◌ = detected wall gap · hover for details
Inputs per minute
— legolas27 - - As_Nicodemus_Arg
Build order — legolas27
First 150 of 823 actions detected
| 0:00 | Queue | Villager (Male) |
| 0:01 | Queue | Villager (Male) |
| 0:01 | Queue | Villager (Male) |
| 0:02 | Build | House |
| 0:04 | Build | House |
| 0:10 | Queue | Villager (Male) |
| 1:23 | Queue | Villager (Male) |
| 1:47 | Build | Lumber Camp |
| 2:05 | Queue | Villager (Male) |
| 2:20 | Queue | Villager (Male) |
| 2:48 | Queue | Villager (Male) |
| 3:10 | Research | Double-Bit Axe |
| 3:22 | Queue | Villager (Male) |
| 3:38 | Queue | Villager (Male) |
| 3:41 | Build | House |
| 3:51 | Research | Double-Bit Axe |
| 4:07 | Queue | Villager (Male) |
| 4:37 | Queue | Villager (Male) |
| 4:37 | Queue | Villager (Male) |
| 4:56 | Queue | Villager (Male) |
| 5:31 | Build | House |
| 6:00 | Build | Mill |
| 6:00 | Queue | Villager (Male) |
| 6:01 | Queue | Villager (Male) |
| 6:49 | Queue | Villager (Male) |
| 6:49 | Queue | Villager (Male) |
| 6:55 | Queue | Villager (Male) |
| 7:26 | Build | Mining Camp |
| 7:28 | Research | Loom |
| 7:54 | Build | House |
| 8:11 | Research | Feudal Age |
| 8:34 | Build | Lumber Camp |
| 8:37 | Build | House |
| 8:40 | Build | Palisade Wall |
| 8:40 | Build | Palisade Wall |
| 8:42 | Build | Palisade Wall |
| 9:40 | Build | Barracks |
| 10:14 | Queue | Villager (Male) |
| 10:15 | Queue | Villager (Male) |
| 10:21 | Age | Feudal Age |
| 10:26 | Research | Bow Saw |
| 10:31 | Queue | Villager (Male) |
| 10:38 | Build | Archery Range |
| 10:49 | Queue | Flemish Militia |
| 11:00 | Research | Gold Mining |
| 11:18 | Queue | Villager (Male) |
| 11:21 | Queue | Archer |
| 11:21 | Queue | Archer |
| 11:21 | Queue | Archer |
| 11:38 | Build | Blacksmith |
| 11:41 | Queue | Archer |
| 11:52 | Queue | Villager (Male) |
| 12:01 | Queue | Archer |
| 12:12 | Build | Archery Range |
| 12:16 | Queue | Villager (Male) |
| 12:25 | Queue | Archer |
| 12:32 | Build | House |
| 12:35 | Build | Palisade Wall |
| 12:40 | Queue | Archer |
| 12:48 | Build | Palisade Wall |
| 13:05 | Build | Mill |
| 13:07 | Queue | Archer |
| 13:07 | Queue | Archer |
| 13:08 | Queue | Archer |
| 13:09 | Queue | Archer |
| 13:09 | Queue | Archer |
| 13:24 | Research | Loom |
| 13:24 | Research | Loom |
| 13:24 | Queue | Villager (Male) |
| 13:57 | Queue | Villager (Male) |
| 13:59 | Queue | Archer |
| 13:59 | Queue | Archer |
| 13:59 | Queue | Archer |
| 14:00 | Queue | Archer |
| 14:00 | Queue | Archer |
| 14:12 | Build | Palisade Wall |
| 14:19 | Queue | Archer |
| 14:19 | Queue | Archer |
| 14:19 | Queue | Archer |
| 14:22 | Queue | Villager (Male) |
| 14:22 | Queue | Villager (Male) |
| 14:26 | Queue | Spearman |
| 14:41 | Build | House |
| 14:44 | Research | Town Watch |
| 14:44 | Queue | Villager (Male) |
| 15:00 | Build | Market |
| 15:08 | Queue | Villager (Male) |
| 15:16 | Research | Fletching |
| 15:20 | Build | House |
| 15:22 | Queue | Archer |
| 15:22 | Queue | Archer |
| 15:23 | Queue | Archer |
| 15:23 | Queue | Archer |
| 15:23 | Queue | Archer |
| 15:24 | Queue | Archer |
| 15:24 | Queue | Archer |
| 15:33 | Queue | Villager (Male) |
| 15:39 | Queue | Archer |
| 15:40 | Queue | Archer |
| 16:09 | Queue | Villager (Male) |
| 16:10 | Queue | Villager (Male) |
| 16:11 | Queue | Archer |
| 16:11 | Queue | Archer |
| 16:12 | Build | House |
| 16:40 | Queue | Villager (Male) |
| 16:41 | Queue | Archer |
| 16:41 | Queue | Archer |
| 16:43 | Build | House |
| 16:44 | Build | House |
| 16:45 | Queue | Archer |
| 16:45 | Queue | Archer |
| 17:13 | Queue | Villager (Male) |
| 17:13 | Queue | Villager (Male) |
| 17:14 | Queue | Villager (Male) |
| 17:19 | Build | House |
| 17:20 | Queue | Archer |
| 17:39 | Build | Mining Camp |
| 18:11 | Build | Farm |
| 18:11 | Build | Farm |
| 18:11 | Build | Farm |
| 18:12 | Build | Farm |
| 18:12 | Build | Farm |
| 18:12 | Build | Farm |
| 18:13 | Build | Farm |
| 18:13 | Build | Farm |
| 18:16 | Build | House |
| 18:21 | Queue | Villager (Male) |
| 18:22 | Queue | Villager (Male) |
| 18:51 | Build | Farm |
| 18:52 | Build | Farm |
| 18:52 | Build | Farm |
| 19:07 | Build | Watch Tower |
| 19:16 | Queue | Villager (Male) |
| 19:53 | Research | Wheelbarrow |
| 19:54 | Queue | Villager (Male) |
| 19:54 | Queue | Villager (Male) |
| 19:55 | Queue | Villager (Male) |
| 19:57 | Build | House |
| 20:36 | Build | Watch Tower |
| 21:50 | Build | Watch Tower |
| 22:05 | Research | Castle Age |
| 22:06 | Research | Castle Age |
| 22:08 | Build | Farm |
| 23:00 | Queue | Spearman |
| 23:00 | Queue | Spearman |
| 23:01 | Queue | Spearman |
| 23:25 | Research | Scale Mail Armor |
| 23:28 | Build | Barracks |
| 23:34 | Queue | Archer |
| 23:35 | Queue | Archer |
Build order — As_Nicodemus_Arg
First 150 of 631 actions detected
| 0:01 | Queue | Villager (Male) |
| 0:01 | Queue | Villager (Male) |
| 0:01 | Queue | Villager (Male) |
| 0:01 | Queue | Villager (Male) |
| 0:02 | Build | House |
| 0:03 | Build | House |
| 1:20 | Queue | Villager (Male) |
| 1:20 | Queue | Villager (Male) |
| 1:20 | Queue | Villager (Male) |
| 1:46 | Build | Mill |
| 1:49 | Queue | Villager (Male) |
| 1:49 | Queue | Villager (Male) |
| 2:15 | Queue | Villager (Male) |
| 2:15 | Queue | Villager (Male) |
| 2:15 | Queue | Villager (Male) |
| 2:31 | Queue | Villager (Male) |
| 2:31 | Queue | Villager (Male) |
| 2:31 | Queue | Villager (Male) |
| 2:31 | Queue | Villager (Male) |
| 3:04 | Queue | Villager (Male) |
| 3:04 | Queue | Villager (Male) |
| 3:25 | Queue | Villager (Male) |
| 3:25 | Queue | Villager (Male) |
| 3:25 | Queue | Villager (Male) |
| 3:29 | Build | House |
| 3:45 | Queue | Villager (Male) |
| 3:45 | Queue | Villager (Male) |
| 4:49 | Queue | Villager (Male) |
| 4:49 | Queue | Villager (Male) |
| 4:50 | Queue | Villager (Male) |
| 4:50 | Queue | Villager (Male) |
| 5:18 | Build | Lumber Camp |
| 5:21 | Queue | Villager (Male) |
| 5:32 | Build | House |
| 5:38 | Queue | Villager (Male) |
| 6:49 | Research | Double-Bit Axe |
| 7:08 | Queue | Villager (Male) |
| 7:11 | Research | Loom |
| 7:29 | Research | Feudal Age |
| 7:30 | Research | Loom |
| 7:47 | Build | Lumber Camp |
| 8:54 | Build | Barracks |
| 9:41 | Age | Feudal Age |
| 9:44 | Build | Stable |
| 9:45 | Research | Bow Saw |
| 9:53 | Queue | Villager (Male) |
| 10:14 | Build | Mill |
| 10:17 | Queue | Villager (Male) |
| 10:23 | Queue | Scout Cavalry |
| 10:26 | Build | House |
| 10:29 | Build | Palisade Wall |
| 10:37 | Build | House |
| 10:38 | Build | Palisade Wall |
| 10:39 | Build | Palisade Wall |
| 10:40 | Build | Palisade Wall |
| 10:49 | Queue | Villager (Male) |
| 10:51 | Queue | Scout Cavalry |
| 10:59 | Build | Farm |
| 11:00 | Research | Horse Collar |
| 11:10 | Build | Farm |
| 11:20 | Build | Palisade Wall |
| 11:22 | Queue | Villager (Male) |
| 11:28 | Build | Palisade Wall |
| 11:33 | Build | Farm |
| 11:42 | Queue | Villager (Male) |
| 11:44 | Build | Farm |
| 11:51 | Build | Farm |
| 12:01 | Build | Farm |
| 12:07 | Queue | Flemish Militia |
| 12:10 | Queue | Villager (Male) |
| 12:13 | Build | Farm |
| 12:16 | Build | Farm |
| 12:22 | Queue | Villager (Male) |
| 12:22 | Queue | Villager (Male) |
| 12:32 | Build | Farm |
| 12:42 | Build | Farm |
| 12:57 | Queue | Villager (Male) |
| 13:02 | Build | Farm |
| 13:08 | Build | House |
| 13:14 | Queue | Villager (Male) |
| 13:36 | Queue | Villager (Male) |
| 13:55 | Queue | Villager (Male) |
| 13:59 | Build | Blacksmith |
| 14:01 | Build | House |
| 14:05 | Research | Heavy Plow |
| 14:08 | Build | Farm |
| 14:08 | Build | Farm |
| 14:08 | Build | Farm |
| 14:09 | Build | Farm |
| 14:25 | Build | Farm |
| 14:42 | Queue | Villager (Male) |
| 14:44 | Build | Mining Camp |
| 14:46 | Build | House |
| 15:01 | Research | Wheelbarrow |
| 15:09 | Build | House |
| 15:10 | Build | Palisade Wall |
| 15:46 | Build | Archery Range |
| 16:07 | Queue | Villager (Male) |
| 16:39 | Research | Padded Archer Armor |
| 16:54 | Queue | Villager (Male) |
| 17:12 | Build | Market |
| 17:29 | Research | Castle Age |
| 17:32 | Build | Stable |
| 17:37 | Build | Watch Tower |
| 18:44 | Research | Gold Mining |
| 18:45 | Queue | Villager (Male) |
| 18:55 | Research | Scale Barding Armor |
| 19:11 | Build | Farm |
| 19:35 | Build | Farm |
| 19:36 | Build | Farm |
| 19:38 | Build | Farm |
| 19:40 | Build | Farm |
| 19:45 | Research | Fletching |
| 20:04 | Queue | Villager (Male) |
| 20:09 | Age | Castle Age |
| 20:10 | Queue | Knight |
| 20:11 | Queue | Knight |
| 20:11 | Queue | Knight |
| 20:21 | Build | Siege Workshop |
| 20:27 | Research | Forging |
| 20:43 | Queue | Scorpion |
| 20:43 | Queue | Scorpion |
| 21:21 | Queue | Knight |
| 21:21 | Queue | Knight |
| 21:33 | Queue | Battering Ram |
| 21:40 | Queue | Villager (Male) |
| 22:06 | Queue | Villager (Male) |
| 22:31 | Queue | Villager (Male) |
| 22:32 | Queue | Knight |
| 22:32 | Queue | Knight |
| 22:57 | Queue | Scorpion |
| 22:58 | Queue | Villager (Male) |
| 23:31 | Queue | Villager (Male) |
| 23:31 | Queue | Villager (Male) |
| 23:42 | Queue | Knight |
| 23:50 | Build | House |
| 23:59 | Queue | Villager (Male) |
| 24:14 | Queue | Knight |
| 24:14 | Queue | Knight |
| 24:22 | Queue | Knight |
| 24:37 | Queue | Villager (Male) |
| 24:51 | Queue | Mangonel |
| 25:04 | Queue | Villager (Male) |
| 25:04 | Queue | Villager (Male) |
| 25:12 | Queue | Villager (Male) |
| 25:38 | Queue | Villager (Male) |
| 25:38 | Queue | Villager (Male) |
| 25:58 | Build | Town Center |
| 26:01 | Queue | Knight |
| 26:01 | Queue | Villager (Male) |
Match timeline
| 8:40 | legolas27 · wall_segment Palisade Wall x4 |
| 8:40 | legolas27 · wall_segment Palisade Wall x1 |
| 8:42 | legolas27 · wall_segment Palisade Wall x4 |
| 8:54 | As_Nicodemus_Arg · first_building Barracks |
| 9:40 | legolas27 · first_building Barracks |
| 9:41 | As_Nicodemus_Arg · age_up feudal |
| 9:44 | As_Nicodemus_Arg · first_building Stable |
| 10:21 | legolas27 · age_up feudal |
| 10:29 | As_Nicodemus_Arg · wall_segment Palisade Wall x6 |
| 10:38 | legolas27 · first_building Archery Range |
| 10:38 | As_Nicodemus_Arg · wall_segment Palisade Wall x1 |
| 10:39 | As_Nicodemus_Arg · wall_segment Palisade Wall x1 |
| 10:40 | As_Nicodemus_Arg · wall_segment Palisade Wall x1 |
| 11:20 | As_Nicodemus_Arg · wall_segment Palisade Wall x12 |
| 11:28 | As_Nicodemus_Arg · wall_segment Palisade Wall x18 |
| 12:35 | legolas27 · wall_segment Palisade Wall x18 |
| 12:48 | legolas27 · wall_segment Palisade Wall x10 |
| 14:12 | legolas27 · wall_segment Palisade Wall x1 |
| 15:10 | As_Nicodemus_Arg · wall_segment Palisade Wall x6 |
| 15:46 | As_Nicodemus_Arg · first_building Archery Range |
| 19:52 | legolas27 · first_market_buy 100 food |
| 20:09 | As_Nicodemus_Arg · age_up castle |
| 20:21 | As_Nicodemus_Arg · first_building Siege Workshop |
| 21:20 | As_Nicodemus_Arg · first_market_sell 100 wood |
| 21:59 | legolas27 · first_market_sell 500 wood |
| 24:45 | legolas27 · age_up castle |
| 25:45 | As_Nicodemus_Arg · first_market_buy 100 stone |
| 26:54 | As_Nicodemus_Arg · first_building Monastery |
| 29:15 | legolas27 · first_building Monastery |
| 32:46 | legolas27 · wall_segment Stone Wall x1 |
| 35:06 | As_Nicodemus_Arg · first_building Castle |
| 37:34 | legolas27 · first_building Siege Workshop |
| 39:45 | legolas27 · first_building Castle |
| 40:10 | As_Nicodemus_Arg · age_up imperial |
| 41:15 | legolas27 · age_up imperial |
| 45:42 | legolas27 · first_building Stable |
| 65:24 | legolas27 · resign |
[ AI ANALYSIS · 1 CREDIT ]
What really happened in this match?
Wolo.gg analyzes every decision: build order, eco, micro, common mistakes by bracket. Personalized analysis on WhatsApp or Discord in 30 seconds.
Civ guide
Burgundians
Perfil
Jugador #2620174